 Dungeon Crawl Stone Soup version 0.21-a0-216-g6d3fd91 (webtiles) character file.

5928 ZappyNine the Blocker (level 11, -2/92 HPs)
             Began as a Formicid Fighter on Aug 24, 2017.
             Was a Priest of Cheibriados.
             Slain by Fannar
             ... wielding an uncursed staff of cold
              (7 damage)
             ... on level 9 of the Dungeon.
             The game lasted 00:19:01 (11494 turns).

ZappyNine the Blocker (Formicid Fighter)           Turns: 11494, Time: 00:19:01

Health: -2/92      AC: 24    Str: 34    XL:     11   Next: 9%
Magic:  11/11      EV:  8    Int: 15    God:    Cheibriados [***...]
Gold:   511        SH:  0    Dex: 22    Spells: 10/10 levels left

rFire    . . .     SeeInvis +   d - +3 great sword
rCold    . . .     Gourm    .   y - +3 shield {AC+3}
rNeg     + . .     Faith    .   q - +0 plate armour
rPois    .         Spirit   .   (helmet unavailable)
rElec    .         Reflect  .   r - +0 cloak
rCorr    .         Harm     .   t - +2 pair of gloves {Str+3}
MR       +....     Clarity  +   (no boots)
Stlth    ..........             (no amulet)
HPRegen  0.25/turn              A - +3 ring of strength
MPRegen  0.12/turn              m - ring of positive energy

@: confused, very slow
A: permanent stasis, dig shafts and tunnels, four strong arms, antennae 3,
molten scales 1, thin skeletal structure 1, clarity, subdued magic 1
a: Dig, Shaft Self, Bend Time, Temporal Distortion, Renounce Religion


You were on level 9 of the Dungeon.
You worshipped Cheibriados.
Cheibriados was most pleased with you.
You were not hungry.

You visited 2 branches of the dungeon, and saw 11 of its levels.
You also visited: Sewer.

You collected 762 gold pieces.
You spent 251 gold pieces at shops.

Inventory:

Hand Weapons
 a - a +0 long sword
 d - a +3 great sword (weapon)
 E - the +5 dagger of a ziggurat {pierce, Str+5}
   (You found it on level 7 of the Dungeon)

   It inflicts extra damage upon your enemies.
   It affects your strength (+5).
Armour
 b - a +0 scale mail
 c - a +1 shield
 q - a +0 plate armour (worn)
 r - a +0 cloak (worn)
 t - a +2 pair of gloves of strength (worn)
 y - a +3 shield of protection (worn)
Jewellery
 m - a ring of positive energy (right hand)
 A - a +3 ring of strength (left hand)
Wands
 k - a wand of lightning (10/15)
 p - a wand of lightning (1/15)
 x - a wand of flame (13/48)
 F - a wand of flame (27/48)
 H - a wand of iceblast (3/15)
Scrolls
 e - 2 scrolls of remove curse
 g - 7 scrolls of teleportation
 j - 3 scrolls of identify
 w - a scroll of amnesia
 z - a scroll of magic mapping
 D - 3 scrolls of fog
 I - 3 scrolls of fear
 L - a scroll of recharging
Potions
 l - 2 potions of brilliance
 n - 3 potions of agility
 o - 5 potions of degeneration
 G - a potion of magic
 J - a potion of flight
Comestibles
 f - 7 bread rations
 h - 2 meat rations
 i - 3 royal jellies
 u - 4 fruits


   Skills:
 + Level 10.8 Fighting
 - Level 2.0 Long Blades
 + Level 9.9 Armour
 + Level 11.7 Shields
 + Level 0.0 Invocations


You had 10 spell levels left.
You didn't know any spells.

Dungeon Overview and Level Annotations

Branches:
Dungeon (10/15)            Temple (1/1) D:7
   Lair: D:8-11         Orc: D:9-12

Altars:
Ashenzari
Cheibriados
Dithmenos
Elyvilon
Fedhas
Gozag
Hepliaklqana
Kikubaaqudgha
Makhleb
Nemelex Xobeh
Okawaru
Qazlal
Ru
Sif Muna
Trog
Uskayaw
Vehumet
Wu Jian
Xom
Yredelemnul
Zin
The Shining One

Shops:
D:5 *:   D:7 (!

Annotations:
D:9 Fannar


Innate Abilities, Weirdness & Mutations

You cannot be hasted, slowed, berserked, paralysed or teleported.
You can dig through walls and to a lower floor.
Your four strong arms can wield two-handed weapons with a shield.
You have a pair of large antennae on your head. (SInv)
You are partially covered in molten scales. (AC +2)
You have a somewhat thin skeletal structure. (Dex +2, Stealth)
You possess an exceptional clarity of mind.
Your spells are a little easier to cast, but a little less powerful.


Message History

The bolt of cold misses you.
It was a potion of mutation.
You feel extremely strange.
Your connection to magic feels subdued.
Your thoughts seem clearer.
Your bones become slightly less dense.
Molten scales grow over part of your body.
Fannar hits you with a staff of cold.
* * * LOW HITPOINT WARNING * * *
Fannar freezes you!
* * * LOW HITPOINT WARNING * * *
Fannar hits you but does no damage.
You closely miss Fannar.
Fannar is moderately wounded.
Fannar hits you with a staff of cold.
* * * LOW HITPOINT WARNING * * *
Fannar freezes you!
* * * LOW HITPOINT WARNING * * *
Fannar hits you with a staff of cold.
* * * LOW HITPOINT WARNING * * *
Fannar freezes you!
You die...

#................#
##................#
..................######
.......#####'#.........#
###....#.....#.........#
.##....#.....#.........#
..#....#.....#.........#
..#....'.....#.>e....###
.....###.....#..@....#
..#..........#.......#
..#..........####....#
.##...#####.....#....#
###...#..[#.....#....#
......#...'.....#....#
...#..#...#....##....#
...#..#####....#.....#
#..#...........#.....####


You could see Fannar.

Vanquished Creatures
  Pikel (D:7)
  Maurice (D:8)
  Joseph (D:7)
  A troll (D:9)
  5 yaks (D:9)
  Grum (D:8)
  5 sky beasts
  An ice beast (D:8)
  A phantom (D:5)
  8 ogres
  4 wolves (D:8)
  2 centaurs
  2 crocodiles
  A bullfrog (D:7)
  Blork the orc (D:4)
  2 scorpions
  11 wights
  A crimson imp (D:5)
  2 centaur zombies
  5 hounds
  2 jellies
  8 orc wizards
  3 bullfrog zombies
  3 orc priests
  A gnoll shaman (D:5)
  A bullfrog skeleton (D:4)
  5 worker ants
  A killer bee zombie (D:6)
  A hound zombie (D:9)
  A worker ant zombie (D:5)
  3 gnolls (D:5)
  7 adders
  2 shadow imps
  3 adder skeletons
  4 worms (D:2)
  3 dart slugs
  A leopard gecko (D:8)
  30 orcs
  4 ball pythons
  7 giant cockroaches
  3 goblins
  5 hobgoblins
  9 jackals
  10 kobolds
  3 quokkas
  8 bats
  5 frilled lizards
  A quokka skeleton (D:5)
  2 quokka zombies
  7 rats
199 creatures vanquished.

Vanquished Creatures (others)
  A centaur skeleton (D:7)
  2 orcs (D:7)
  2 jackals (D:7)
  A quokka (D:7)
6 creatures vanquished.

Grand Total: 205 creatures vanquished

Notes
Turn   | Place    | Note
-------+----------+-------------------------------------------
     0 | D:1      | ZappyNine the Formicid Fighter began the quest for the Orb.
     0 | D:1      | Reached XP level 1. HP: 18/18 MP: 1/1
   243 | D:1      | Reached XP level 2. HP: 18/24 MP: 2/2
   402 | D:1      | Reached skill level 4 in Shields
   779 | D:2      | Found a shattered altar of Ashenzari.
   860 | D:2      | Reached XP level 3. HP: 25/30 MP: 3/3
  1530 | D:3      | Reached XP level 4. HP: 36/38 MP: 4/4
  1532 | D:3      | Reached skill level 5 in Shields
  1532 | D:3      | Reached XP level 5. HP: 33/43 MP: 5/5
  1813 | D:3      | Reached skill level 5 in Fighting
  2202 | D:3      | Found a blossoming altar of Fedhas.
  2394 | D:4      | Reached skill level 6 in Shields
  2394 | D:4      | Reached XP level 6. HP: 41/51 MP: 6/6
  2479 | D:4      | Found a glowing drain.
  2579 | Sewer    | Entered a sewer
  3025 | D:4      | Found a hide-covered altar of Uskayaw.
  3092 | D:4      | Found a burning altar of Makhleb.
  3327 | D:4      | Noticed Blork the orc
  3349 | D:4      | Killed Blork the orc
  3349 | D:4      | Reached XP level 7. HP: 29/57 MP: 7/7
  3709 | D:4      | Found a stormy altar of Qazlal.
  3786 | D:4      | Found a hazy altar of Hepliaklqana.
  4136 | D:5      | Entered Level 5 of the Dungeon
  4836 | D:5      | Found Ifo Puuw's Book Shop.
  4861 | D:5      | Reached skill level 7 in Shields
  5046 | D:5      | Reached XP level 8. HP: 45/65 MP: 8/8
  5049 | D:5      | Found Umahomuice's General Store.
  5164 | D:5      | Bought a scroll of identify for 20 gold pieces
  5164 | D:5      | Bought a scroll of enchant armour for 75 gold pieces
  5186 | D:5      | Reached skill level 5 in Armour
  5618 | D:5      | Found a white marble altar of Elyvilon.
  5969 | D:5      | Reached skill level 8 in Shields
  6508 | D:5      | Reached XP level 9. HP: 52/74 MP: 9/9
  6982 | D:6      | Found a white marble altar of Elyvilon.
  7205 | D:6      | Reached skill level 9 in Shields
  7263 | D:6      | Found a snail-covered altar of Cheibriados.
  7278 | D:6      | Became a worshipper of Cheibriados the Contemplative
  7848 | D:7      | Found a basalt altar of Yredelemnul.
  7950 | D:7      | Got a pitted dagger
  7951 | D:7      | Identified the +5 dagger of a ziggurat {pierce, Str+5} (You found it on level 7 of the Dungeon)
  8232 | D:7      | Noticed Pikel
  8250 | D:7      | Killed Pikel
  8445 | D:7      | Noticed Joseph
  8455 | D:7      | Reached skill level 10 in Shields
  8455 | D:7      | Reached XP level 10. HP: 48/83 MP: 10/10
  8464 | D:7      | Killed Joseph
  8690 | D:7      | Found Olea's Antique Weapon Boutique.
  8805 | D:7      | Found Gaixzayt's Distillery.
  8812 | D:7      | Bought a potion of agility for 48 gold pieces
  8812 | D:7      | Bought a potion of heal wounds for 60 gold pieces
  8812 | D:7      | Bought a potion of might for 48 gold pieces
  8937 | D:7      | Found a staircase to the Ecumenical Temple.
  8941 | D:7      | Reached * piety under Cheibriados
  8957 | Temple   | Entered the Ecumenical Temple
  9319 | D:8      | Found a shimmering altar of Xom.
  9441 | D:8      | Found a radiant altar of Vehumet.
  9817 | D:8      | Noticed Maurice
  9835 | D:8      | Killed Maurice
  9835 | D:8      | Reached skill level 10 in Fighting
  9991 | D:8      | Reached ** piety under Cheibriados
 10022 | D:8      | Identified a scroll of acquirement
 10074 | D:8      | Noticed Grum
 10075 | D:8      | Reached skill level 11 in Shields
 10095 | D:8      | Killed Grum
 10854 | D:9      | Found a glowing silver altar of Zin.
 11119 | D:9      | Reached *** piety under Cheibriados
 11119 | D:9      | Reached XP level 11. HP: 32/92 MP: 11/11
 11474 | D:10     | Entered Level 10 of the Dungeon
 11474 | D:10     | Noticed Fannar
 11489 | D:9      | HP: 3/92 [Fannar/Ozocubu's Refrigeration (20)]
 11492 | D:9      | Gained mutation: Your spells are a little easier to cast, but a little less powerful. [potion of mutation]
 11492 | D:9      | Gained mutation: You possess an exceptional clarity of mind. [potion of mutation]
 11492 | D:9      | Gained mutation: You have a somewhat thin skeletal structure. (Dex +2, Stealth) [potion of mutation]
 11492 | D:9      | Gained mutation: You are partially covered in molten scales. (AC +2) [potion of mutation]
 11494 | D:9      | Slain by Fannar

Vault maps used:
D:1:      dpeg_arrival_rooms_with_view
D:2:      ashenzari_conservatory_becter
D:3:      lemuel_crystal_altar
D:4:      nicolae_overflow_crystal_walls, nicolae_qazlal_general_emergency,
          marbit_many_paths, kennysheep_little_box, portal_sewer_entry_b,
          grunt_decor_clamped, minmay_misc_feat_iff, uniq_blork_the_orc
D:5:      first_bread, serial_shops, shop, nicolae_shop_trees, elyvilon_altar_5
D:6:      lemuel_crystal_altar, kennysheep_slug_shrine
D:7:      lemuel_coloured_pillars_altar, minmay_temple_entry_glassed_door,
          serial_shops, nicolae_shop_statue_plus, kennysheep_mini_moat,
          uniq_joseph, uniq_pikel
D:8:      lemuel_doored_altar, basic_altar, uniq_grum, uniq_maurice
D:9:      old_standard_altar
D:10:     uniq_josephine, uniq_fannar
Temple:   minmay_temple_bridge_abc
Sewer:    sewer_the_crocodile

Skill      XL: |  1  2  3  4  5  6  7  8  9 10 |
---------------+-------------------------------+-----
Shields        | 4 5 6 7 8 10 11 | 11.7
Fighting       | 4 5 6 7 9 10 | 10.8
Armour         | 4 6 8 9 |  9.9
Long Blades    | |  2.0

Action                   |  1- 3 |  4- 6 |  7- 9 | 10-12 || total
-------------------------+-------+-------+-------+-------++-------
Melee: Long sword        |   103 |   197 |   318 |       ||   618
       Great sword       |       |       |    88 |   184 ||   272
 Abil: Dig               |       |     7 |    11 |     8 ||    26
  Use: Potion            |       |     2 |     7 |     7 ||    16
       Scroll            |       |     7 |     4 |    10 ||    21
 Stab: Invisible         |       |       |       |     7 ||     7
  Eat: Chunk             |     1 |     7 |    11 |     7 ||    26
       Bread ration      |       |       |     2 |       ||     2
Armor: Scale mail        |    37 |    78 |   106 |       ||   221
       Plate armour      |       |       |    48 |   110 ||   158
Dodge: Dodged            |    34 |    66 |   112 |    69 ||   281
Block: Shield            |    53 |   117 |   285 |   219 ||   674
       Rpst.: Long sword |     8 |    17 |    27 |       ||    52
       Great sword       |       |       |     6 |    19 ||    25

Table legend:
 A = Spawn XP
 B = Non-spawn XP
 C = Spawn XP percentage of total XP
 D = Spawn monster count
 E = Non-spawn monster count
 F = Spawn count percentage of total count
 G = Total turns spent on level
                    A         B        C        D         E        F      G
               +---------+---------+-------+---------+---------+-------+---------
         Total |    1625 |    6844 |  19.2 |      39 |     160 |  19.6 | 11494
               +---------+---------+-------+---------+---------+-------+---------
           D:1 |       4 |      16 |  20.0 |       2 |      11 |  15.4 |   743
           D:2 |       3 |      36 |   7.7 |       3 |      14 |  17.6 |   752
           D:3 |       6 |     189 |   3.1 |       3 |      24 |  11.1 |   882
           D:4 |      11 |     225 |   4.7 |       4 |      12 |  25.0 |  1410
           D:5 |     667 |     719 |  48.1 |      11 |      25 |  30.6 |  2708
           D:6 |     124 |     676 |  15.5 |       1 |      12 |   7.7 |   903
           D:7 |     342 |    1515 |  18.4 |       6 |      15 |  28.6 |  1275
           D:8 |     142 |    1779 |   7.4 |       2 |      24 |   7.7 |  1281
           D:9 |     326 |    1579 |  17.1 |       7 |      17 |  29.2 |   896
         Sewer |       0 |     110 |   0.0 |       0 |       6 |   0.0 |   430
               +---------+---------+-------+---------+---------+-------+---------
